 Dungeon Crawl Stone Soup version 0.26.0-18-gc5c842f807 (webtiles) character file.

Game seed: 9845207946389318149

164 kaeus the Firebug (level 5, -2/28 HPs)
             Began as a Gargoyle Fire Elementalist on Jan 22, 2021.
             Killed by divine providence
             ... invoked by an orc priest
              (16 damage)
             ... on level 3 of the Dungeon on Jan 23, 2021.
             The game lasted 00:07:57 (3792 turns).

kaeus the Firebug (Gargoyle Fire Elementalist)      Turns: 3792, Time: 00:07:58

Health: -2/28      AC:  8    Str: 11    XL:     5   Next: 45%
Magic:  0/9        EV: 11    Int: 17    God:
Gold:   184        SH:  5    Dex: 10    Spells: 9/10 levels left

rFire    . . .     SeeInvis .   s - +2 dagger (holy)
rCold    . . .     Faith    .   (no shield)
rNeg     + . .     Spirit   .   p - +0 leather armour (curse)
rPois    ∞         Reflect  +   (no helmet)
rElec    +         Harm     .   i - +0 cloak
rCorr    .         Rampage  .   (no gloves)
Will     .....                  (no boots)
Stlth    ++........             l - amulet of reflection
HPRegen  0.09/turn              (no ring)
MPRegen  0.11/turn              (no ring)

@: no status effects
A: negative energy resistance 1, electricity resistance, unbreathing,
petrification resistance, miasma immunity, AC +4
a: no special abilities


You were on level 3 of the Dungeon.
You visited 1 branch of the dungeon, and saw 3 of its levels.

You collected 184 gold pieces.

Inventory:

Hand Weapons
 s - a +2 dagger of holy wrath (weapon)
Armour
 f - a +0 ring mail
 i - a +0 cloak (worn)
 p - a cursed +0 leather armour (worn)
Jewellery
 l - an amulet of reflection (around neck)
Scrolls
 a - 2 scrolls of teleportation {unknown}
 e - a scroll of noise {unknown}
 h - a scroll of identify {unknown}
 j - 4 scrolls of fear {unknown}
 m - a scroll of magic mapping {unknown}
 n - a scroll of remove curse
 o - a scroll of random uselessness {unknown}
Potions
 b - a potion of invisibility {unknown}
 c - a potion of resistance {unknown}
 d - 2 potions of curing {unknown}
 k - 2 potions of mutation {unknown}
 q - 3 potions of brilliance {unknown}
 r - 2 potions of attraction {unknown}


   Skills:
 - Level 1.5 Dodging
 - Level 2.1 Stealth
 + Level 3.0 Spellcasting
 + Level 2.8 Conjurations
 * Level 4.7 Fire Magic


You had 9 spell levels left.
You knew the following spells:

 Your Spells              Type           Power        Failure   Level
a - Foxfire               Conj/Fire      60%          4%          1

Your spell library contained the following spells:

 Spells                   Type           Power        Failure   Level
 Conjure Flame            Conj/Fire      15%          14%         3
 Summon Small Mammal      Summ           8%           22%         1
 Inner Flame              Hex/Fire       10%          26%         3
 Call Imp                 Summ           2%           34%         2
 Sticky Flame             Conj/Fire      15%          43%         4
 Call Canine Familiar     Summ           2%           56%         3
 Summon Guardian Golem    Hex/Summ       2%           56%         3
 Fireball                 Conj/Fire      7%           80%         5
 Summon Ice Beast         Ice/Summ       2%           92%         4
 Summon Lightning Spire   Summ/Air       2%           92%         4


Dungeon Overview and Level Annotations

Branches:
Dungeon (3/15)

Altars:
Gozag
Kikubaaqudgha


Innate Abilities, Weirdness & Mutations

You are resistant to torment.
Your stone body is resilient. (AC +4)
You are immune to poison.
You resist negative energy. (rN+)
You are resistant to electric shocks. (rElec)
You can survive without breathing.
You are immune to petrification.
You are immune to miasma.


Message History

You now have 1/9 mp.
Casting: Foxfire (safe; 4% risk of failure)
Confirm with . or Enter, or press ? or * to list all spells.
You conjure some foxfire!
The foxfire hits the orc priest but does no damage.
The orc priest is heavily wounded.
The foxfire hits the orc priest.
The orc priest is severely wounded.
The orc priest closely misses you.
You now have 0/9 mp.
You hit the orc priest but do no damage.
The orc priest is severely wounded.
The foxfire hits the orc priest.
The orc priest is severely wounded.
The foxfire hits the orc priest.
The orc priest is almost dead.
The orc priest calls down the wrath of Beogh upon you.
Beogh smites you!
Ouch! That really hurt!
You die...

###### #..... ##.....
#.....> ## #......
.#########.....)#####
.##......#.....)o...#
.##......#......@...#
.#.......+......§####
.#.......#....##.#
.+.......#... #.#
.##......#######.#
...............#.#
###.........##.#.#
.............#.#.#
########.....#.#.#


You could see an orc priest.

Vanquished Creatures
  5 adders
  3 oozes (D:1)
  A worm (D:2)
  2 dart slugs
  2 leopard geckos
  5 orcs (D:3)
  2 ball pythons (D:2)
  2 giant cockroaches (D:2)
  14 goblins
  8 hobgoblins
  7 jackals
  14 kobolds
  10 bats
  3 frilled lizards
  10 rats
88 creatures vanquished.

Vanquished Creatures (collateral kills)
  2 foxfires (D:1)
2 creatures vanquished.

Vanquished Creatures (others)
  235 foxfires
  2 plants (D:1)
237 creatures vanquished.

Grand Total: 327 creatures vanquished

Notes
Turn   | Place    | Note
-------+----------+-------------------------------------------
     0 | D:1      | kaeus the Gargoyle Fire Elementalist began the quest for
                  | the Orb.
     0 | D:1      | Reached XP level 1. HP: 10/10 MP: 3/3
   200 | D:1      | Reached XP level 2. HP: 8/15 MP: 1/5
   548 | D:1      | Reached XP level 3. HP: 10/19 MP: 2/6
  1720 | D:2      | Reached skill level 4 in Fire Magic
  1800 | D:2      | Reached XP level 4. HP: 24/24 MP: 3/7
  2179 | D:2      | Found an opulent altar of Gozag.
  2765 | D:2      | Reached XP level 5. HP: 28/28 MP: 3/9
  3328 | D:3      | Found an ancient bone altar of Kikubaaqudgha.
  3792 | D:3      | Killed from afar by an orc priest

Illustrated notes

Levels and vault maps discovered:
D:1:      dpeg_arrival_tiny_k, layout_loops_ring, serial_bayou_pond_b,
          minivault_24, wander_ebering_terrifying_dragon_lair
D:2:      minmay_diamond_boxcup, layout_rooms, nicolae_gozag_seed_capital
D:3:      cheibrodos_old_hovel, layout_basic, led_sif_pool, doesnt_xom_only_xom,
          kiku_gazebo_pond_becter, grunt_decor_arrowhead

Skill      XL: |  1  2  3  4  5 |
---------------+----------------+-----
Conjurations   | 2 |  2.8
Fire Magic     | 4 |  4.7
Spellcasting   | 3 |  3.0
Dodging        | |  1.5
Stealth        | |  2.1

Action                   |  1- 3 |  4- 6 || total
-------------------------+-------+-------++-------
Melee: Dagger            |    49 |   110 ||   159
       Unarmed           |     3 |       ||     3
 Cast: Foxfire           |    70 |    98 ||   168
  Use: Scroll            |     1 |       ||     1
 Stab: Sleeping          |       |     1 ||     1
Armor: Robe              |    16 |     2 ||    18
       Leather armour    |       |    70 ||    70
Dodge: Dodged            |    34 |    84 ||   118
Block: Other             |       |    38 ||    38
       Reflection        |       |     1 ||     1
